ESL (28 & UNDER)
READING RAINBOWS @ INTERCOURSE AMISH
07/14/2029
 
TOP OF THE 1ST
Reading Rainbows batting - Pitching for Intercourse Amish : RHP David Nanod
Pitching: RHP David Nanod
Batting: LHB Júlio Lorenzo 0-0: Called Strike
0-1: Called Strike
0-2: Ball
1-2: Ball
2-2: Fly out, F7 (Flyball, 7S)
Batting: RHB José Moreno 0-0: Ball
1-0: Ball
2-0: Called Strike
2-1: Foul Ball, location: 2F
2-2: Ball
3-2: Base on Balls
Batting: RHB Germán Romero 0-0: Fly out, F8 (Flyball, 8RS)
Batting: RHB Ethan Moore 0-0: Called Strike
0-1: Foul Ball, location: 2F
0-2: Strikes out swinging
Top of the 1st over - 0 runs, 0 hits, 0 errors, 1 left on base; Reading 0 - Intercourse 0
BOTTOM OF THE 1ST
Intercourse Amish batting - Pitching for Reading Rainbows : RHP Jason MacKnight
Pitching: RHP Jason MacKnight
Batting: RHB Pablo Díaz 0-0: Ball
1-0: Called Strike
1-1: Ball
2-1: Foul Ball, location: 2F
2-2: Ground out 5-3 (Groundball, 2L)
Batting: LHB Jesús Rojas 0-0: Called Strike
0-1: Called Strike
0-2: Ball
1-2: SINGLE (Groundball, 34D)
Batting: SHB Ralph Robison 0-0: Called Strike
0-1: Foul Ball, location: 2F
0-2: Strikes out swinging
Batting: LHB Dave Reynolds 0-0: Ball
1-0: Foul Ball, location: 2F
1-1: Called Strike
1-2: SINGLE (Groundball, 4D)
Jesús Rojas to second
Runner from 2nd tries for 3rd, SAFE, throw made to third
Batting: RHB Mitsuoki Taguchi 0-0: Ball
1-0: Foul Ball, location: 2F
1-1: Ball
2-1: Ball
3-1: Foul Ball, location: 2F
3-2: Strikes out swinging
Bottom of the 1st over - 0 runs, 2 hits, 0 errors, 2 left on base; Reading 0 - Intercourse 0
TOP OF THE 2ND
Reading Rainbows batting - Pitching for Intercourse Amish : RHP David Nanod
Batting: LHB Ryan Flynn 0-0: Ball
1-0: Ball
2-0: Ball
3-0: Foul Ball, location: 2F
3-1: Foul Ball, location: 2F
3-2: Base on Balls
Batting: RHB Juan Magdayao 0-0: Ball
1-0: Foul Ball, location: 2F
1-1: Ball
2-1: Ball
3-1: Foul Ball, location: 2F
3-2: Strikes out swinging
Batting: RHB Richard Case 0-0: Ball
1-0: Fly out, F9 (Flyball, 89S)
Batting: RHB Hubert Brown 0-0: Ball
1-0: Foul Ball, location: 2F
1-1: Ball
2-1: Ball
3-1: Base on Balls
Ryan Flynn to second
Batting: RHB Spike Kennedy 0-0: Called Strike
0-1: Ball
1-1: Ball
2-1: Foul Ball, location: 2F
2-2: Ball
3-2: Strikes out swinging
Top of the 2nd over - 0 runs, 0 hits, 0 errors, 2 left on base; Reading 0 - Intercourse 0
BOTTOM OF THE 2ND
Intercourse Amish batting - Pitching for Reading Rainbows : RHP Jason MacKnight
Batting: RHB Juan Estrada 0-0: Fly out, F6 (Line Drive, 6)
Batting: LHB Bruce Foster 0-0: Ball
1-0: Called Strike
1-1: Ball
2-1: Foul Ball, location: 2F
2-2: Ball
3-2: Foul Ball, location: 2F
3-2: Base on Balls
Batting: LHB Tony O'Bryan 0-0: Ball
1-0: Ball
2-0: Called Strike
2-1: Ball
3-1: Swinging Strike
3-2: Base on Balls
Bruce Foster to second
Batting: RHB Bob Carr 0-0: Ball
1-0: SINGLE (Line Drive, 5D)
Bruce Foster to third
Tony O'Bryan to second
Runner from 3rd tries for Home, SAFE, throw made home
Batting: RHB Pablo Díaz 0-0: Ball
1-0: Foul Ball, location: 2F
1-1: Called Strike
1-2: Strikes out swinging
Batting: LHB Jesús Rojas 0-0: Called Strike
0-1: Fielders Choice at 2nd, 5-4 (Groundball, 5)
Bottom of the 2nd over - 1 run, 1 hit, 0 errors, 2 left on base; Reading 0 - Intercourse 1
TOP OF THE 3RD
Reading Rainbows batting - Pitching for Intercourse Amish : RHP David Nanod
Batting: LHB Júlio Lorenzo 0-0: Ball
1-0: Ball
2-0: Called Strike
2-1: Ball
3-1: DOUBLE (Line Drive, 8RXD)
Batting: RHB José Moreno 0-0: Called Strike
0-1: SINGLE (Groundball, 6S) (infield hit)
Júlio Lorenzo to third
Batting: RHB Germán Romero 0-0: Ball
1-0: Foul Ball, location: 2F
1-1: Ground out 5-3 (Groundball, 56S)
Júlio Lorenzo scores
José Moreno to second
Batting: RHB Ethan Moore 0-0: Ball
1-0: Fly out, F8 (Flyball, 8LM)
Runner from 2nd tags up, SAFE at 3rd with throw
Batting: LHB Ryan Flynn 0-0: Called Strike
0-1: Foul Ball, location: 2F
0-2: Ball
1-2: Foul Ball, location: 2F
1-2: Strikes out looking
Top of the 3rd over - 1 run, 2 hits, 0 errors, 1 left on base; Reading 1 - Intercourse 1
BOTTOM OF THE 3RD
Intercourse Amish batting - Pitching for Reading Rainbows : RHP Jason MacKnight
Batting: SHB Ralph Robison 0-0: Called Strike
0-1: Fly out, F7 (Line Drive, 7)
Batting: LHB Dave Reynolds 0-0: Ball
1-0: Ball
2-0: Foul Ball, location: 2F
2-1: Foul Ball, location: 2F
2-2: Strikes out swinging
Batting: RHB Mitsuoki Taguchi 0-0: Ball
1-0: Ball
2-0: Ball
3-0: Called Strike
3-1: Ground out 6-3 (Groundball, 6)
Bottom of the 3rd over - 0 runs, 0 hits, 0 errors, 0 left on base; Reading 1 - Intercourse 1
TOP OF THE 4TH
Reading Rainbows batting - Pitching for Intercourse Amish : RHP David Nanod
Batting: RHB Juan Magdayao 0-0: Swinging Strike
0-1: Swinging Strike
0-2: Fly out, F8 (Flyball, 8LM)
Batting: RHB Richard Case 0-0: Called Strike
0-1: Ball
1-1: Ball
2-1: DOUBLE (Line Drive, 78D)
Batting: RHB Hubert Brown 0-0: Ball
1-0: Foul Ball, location: 2F
1-1: SINGLE (Groundball, 34D)
Richard Case to third
Runner from 3rd tries for Home, SAFE, no throw
Batting: RHB Spike Kennedy 0-0: Ball
1-0: Called Strike
1-1: Foul Ball, location: 2F
1-2: Strikes out swinging
Hubert Brown is caught stealing 2nd base
Batter strikes out.
Top of the 4th over - 1 run, 2 hits, 0 errors, 0 left on base; Reading 2 - Intercourse 1
BOTTOM OF THE 4TH
Intercourse Amish batting - Pitching for Reading Rainbows : RHP Jason MacKnight
Batting: RHB Juan Estrada 0-0: Ball
1-0: Fly out, F7 (Flyball, 7S)
Batting: LHB Bruce Foster 0-0: Ball
1-0: Ground out 6-3 (Groundball, 6)
Batting: LHB Tony O'Bryan 0-0: Ground out 3-1 (Groundball, 34)
Bottom of the 4th over - 0 runs, 0 hits, 0 errors, 0 left on base; Reading 2 - Intercourse 1
TOP OF THE 5TH
Reading Rainbows batting - Pitching for Intercourse Amish : RHP David Nanod
Batting: LHB Júlio Lorenzo 0-0: Ball
1-0: Called Strike
1-1: Ball
2-1: Called Strike
2-2: SINGLE (Groundball, 34D)
Batting: RHB José Moreno 0-0: Ball
1-0: Called Strike
1-1: Foul Ball, location: 2F
1-2: Foul Ball, location: 2F
1-2: Ball
2-2: Ball
3-2: Strikes out swinging
Batting: RHB Germán Romero 0-0: Ball
1-0: Ground out 5-3 (Groundball, 56S)
Júlio Lorenzo to second
Batting: RHB Ethan Moore 0-0: Foul Ball, location: 2F
0-1: Ball
1-1: Swinging Strike
1-2: Strikes out swinging
Top of the 5th over - 0 runs, 1 hit, 0 errors, 1 left on base; Reading 2 - Intercourse 1
BOTTOM OF THE 5TH
Intercourse Amish batting - Pitching for Reading Rainbows : RHP Jason MacKnight
Batting: RHB Bob Carr 0-0: Ground out 5-3 (Groundball, 56S)
Batting: RHB Pablo Díaz 0-0: Ball
1-0: Called Strike
1-1: SINGLE (Groundball, 34D)
Batting: LHB Jesús Rojas 0-0: Foul Ball, location: 2F
0-1: Ball
1-1: Ball
2-1: Fly out, F6 (Line Drive, 6M)
Batting: SHB Ralph Robison 0-0: Ball
1-0: Ball
2-0: Ball
3-0: Called Strike
3-1: Base on Balls
Pablo Díaz to second
Batting: LHB Dave Reynolds 0-0: Foul Ball, location: 2F
0-1: Swinging Strike
0-2: Strikes out looking
Bottom of the 5th over - 0 runs, 1 hit, 0 errors, 2 left on base; Reading 2 - Intercourse 1
TOP OF THE 6TH
Reading Rainbows batting - Pitching for Intercourse Amish : RHP David Nanod
Batting: LHB Ryan Flynn 0-0: Ball
1-0: Ball
2-0: Ball
3-0: Foul Ball, location: 2F
3-1: Base on Balls
Pitching: RHP Benjamin Hutchison
Batting: RHB Juan Magdayao 0-0: Ball
1-0: Called Strike
1-1: Fly out, F3 (Popup, 3F)
Batting: RHB Richard Case 0-0: Called Strike
0-1: Ball
1-1: Foul Ball, location: 2F
1-2: Strikes out swinging
Batting: RHB Hubert Brown 0-0: Ball
1-0: Called Strike
1-1: Swinging Strike
1-2: Ball
2-2: Ground out 1-3 (Groundball, 15)
Top of the 6th over - 0 runs, 0 hits, 0 errors, 1 left on base; Reading 2 - Intercourse 1
BOTTOM OF THE 6TH
Intercourse Amish batting - Pitching for Reading Rainbows : RHP Jason MacKnight
Batting: RHB Mitsuoki Taguchi 0-0: Called Strike
0-1: Ball
1-1: Ball
2-1: Called Strike
2-2: Foul Ball, location: 2F
2-2: SINGLE (Groundball, 6MD)
Batting: RHB Juan Estrada 0-0: Called Strike
0-1: Called Strike
0-2: Fly out, F7 (Flyball, 7)
Pitching: LHP Jorge Torres
Batting: LHB Bruce Foster 0-0: Ball
1-0: Ball
2-0: Fly out, F9 (Flyball, 9LS)
Batting: LHB Tony O'Bryan 0-0: Ball
1-0: Foul Ball, location: 2F
1-1: Fly out, F9 (Line Drive, 89S)
Bottom of the 6th over - 0 runs, 1 hit, 0 errors, 1 left on base; Reading 2 - Intercourse 1
TOP OF THE 7TH
Reading Rainbows batting - Pitching for Intercourse Amish : RHP Benjamin Hutchison
Batting: RHB Spike Kennedy 0-0: Swinging Strike
0-1: Called Strike
0-2: Ball
1-2: Foul Ball, location: 2F
1-2: Ball
2-2: Strikes out swinging
Batting: LHB Júlio Lorenzo 0-0: Fly out, F7 (Flyball, 7LSF)
Batting: RHB José Moreno 0-0: Ball
1-0: Swinging Strike
1-1: Foul Ball, location: 2F
1-2: Foul Ball, location: 2F
1-2: Strikes out swinging
Top of the 7th over - 0 runs, 0 hits, 0 errors, 0 left on base; Reading 2 - Intercourse 1
BOTTOM OF THE 7TH
Intercourse Amish batting - Pitching for Reading Rainbows : LHP Jorge Torres
Batting: RHB Bob Carr 0-0: Foul Ball, location: 2F
0-1: Called Strike
0-2: Foul Ball, location: 2F
0-2: Strikes out looking
Batting: RHB Pablo Díaz 0-0: Called Strike
0-1: Ball
1-1: Foul Ball, location: 2F
1-2: Foul Ball, location: 2F
1-2: Ball
2-2: Ball
3-2: Base on Balls
Batting: LHB Jesús Rojas 0-0: Ball
1-0: Ball
2-0: Ball
3-0: Base on Balls
Pablo Díaz to second
Batting: SHB Ralph Robison 0-0: Ball
1-0: Swinging Strike
1-1: Ball
2-1: Grounds into double play, 4-6-3 (Groundball, 4)
Bottom of the 7th over - 0 runs, 0 hits, 0 errors, 1 left on base; Reading 2 - Intercourse 1
TOP OF THE 8TH
Reading Rainbows batting - Pitching for Intercourse Amish : RHP Benjamin Hutchison
Batting: RHB Germán Romero 0-0: Foul Ball, location: 2F
0-1: Called Strike
0-2: Ball
1-2: Fly out, F9 (Flyball, 9S)
Batting: RHB Ethan Moore 0-0: Called Strike
0-1: Swinging Strike
0-2: Ball
1-2: Strikes out swinging
Batting: LHB Ryan Flynn 0-0: SOLO HOME RUN (Flyball, 89XD), Distance : 411 ft
Batting: RHB Juan Magdayao 0-0: Called Strike
0-1: SINGLE (Groundball, 4MD)
Batting: RHB Richard Case 0-0: Ball
1-0: Ball
Juan Magdayao steals 2nd base
2-0: Called Strike
2-1: Ball
3-1: Fly out, F7 (Flyball, 78D)
Top of the 8th over - 1 run, 2 hits, 0 errors, 1 left on base; Reading 3 - Intercourse 1
BOTTOM OF THE 8TH
Intercourse Amish batting - Pitching for Reading Rainbows : LHP Jorge Torres
Batting: LHB Dave Reynolds 0-0: Called Strike
0-1: Ball
1-1: Ball
2-1: SINGLE (Line Drive, 8LS)
Batting: RHB Mitsuoki Taguchi 0-0: Ball
1-0: Fly out, F9 (Line Drive, 9)
Batting: RHB Juan Estrada 0-0: Swinging Strike
0-1: Ball
1-1: Ball
2-1: Ball
3-1: Base on Balls
Dave Reynolds to second
Pinch Hitting: RHB Esteban Ayala 0-0: Ball
1-0: Ball
2-0: Ball
3-0: Base on Balls
Dave Reynolds to third
Juan Estrada to second
Batting: LHB Tony O'Bryan 0-0: Fly out, F7 (Flyball, 7S)
Pitching: RHP Millard Manning
Pinch Hitting: LHB Caleb Hall 0-0: Called Strike
0-1: Ball
1-1: Ball
2-1: Swinging Strike
2-2: Ball
3-2: Base on Balls
Dave Reynolds scores
Juan Estrada to third
Esteban Ayala to second
Batting: RHB Pablo Díaz 0-0: Ground out 5-3 (Groundball, 56S)
Bottom of the 8th over - 1 run, 1 hit, 0 errors, 3 left on base; Reading 3 - Intercourse 2
TOP OF THE 9TH
Reading Rainbows batting - Pitching for Intercourse Amish : RHP Benjamin Hutchison
Now at SS: Caleb Hall
Now in LF: Esteban Ayala
Batting: RHB Hubert Brown 0-0: Ball
1-0: Called Strike
1-1: Ball
2-1: Ball
3-1: Swinging Strike
3-2: Base on Balls
Batting: RHB Spike Kennedy 0-0: Sac Bunt - play at first, batter OUT! U3
Hubert Brown to second
Batting: LHB Júlio Lorenzo 0-0: Intentional Walk
Batting: RHB José Moreno 0-0: Foul Ball, location: 2F
0-1: SINGLE (Groundball, 4MD)
Hubert Brown to third
Júlio Lorenzo to second
Runner from 3rd tries for Home, SAFE, no throw
Batting: RHB Germán Romero 0-0: Ball
1-0: Foul Ball, location: 2F
1-1: Called Strike
1-2: Strikes out swinging
Batting: RHB Ethan Moore 0-0: Ball
1-0: Called Strike
1-1: Called Strike
1-2: DOUBLE (Flyball, 8LXD)
Júlio Lorenzo scores
José Moreno to third
Batting: LHB Ryan Flynn 0-0: Ball
1-0: Called Strike
1-1: DOUBLE (Line Drive, 89XD)
José Moreno scores
Ethan Moore scores
Pitching: RHP Paul Clark
Batting: RHB Juan Magdayao 0-0: Called Strike
0-1: Called Strike
0-2: Ball
1-2: Strikes out swinging
Top of the 9th over - 4 runs, 3 hits, 0 errors, 1 left on base; Reading 7 - Intercourse 2
BOTTOM OF THE 9TH
Intercourse Amish batting - Pitching for Reading Rainbows : RHP Millard Manning
Now at SS: Allen Hobbs
Batting: LHB Jesús Rojas 0-0: SINGLE (Flyball, 56D)
Batting: SHB Ralph Robison 0-0: Called Strike
0-1: Fly out, F7 (Flyball, 7LM)
Batting: LHB Dave Reynolds 0-0: Foul Ball, location: 2F
0-1: Swinging Strike
0-2: Ball
1-2: Foul Ball, location: 2F
1-2: Ball
2-2: Ball
3-2: Base on Balls
Jesús Rojas to second
Batting: RHB Mitsuoki Taguchi 0-0: Grounds into double play, 6-4-3 (Groundball, 56)
Bottom of the 9th over - 0 runs, 1 hit, 0 errors, 1 left on base; Reading 7 - Intercourse 2
Saturday, December 16th, 2017 - OOTP Baseball 18.8 Build 76